 Dungeon Crawl Stone Soup version 0.29.1-14-g9c671dbff4 (webtiles) character file.

Game seed: 6019527398004947044

185 LSt the Magician (level 5, -2/37 HPs)
             Began as a Djinni Conjurer on Feb 16, 2023.
             Slain by Ijyb
             ... wielding a +0 club
              (5 damage)
             ... on level 3 of the Dungeon.
             The game lasted 00:10:17 (3633 turns).

LSt the Magician (Djinni Conjurer)                  Turns: 3633, Time: 00:10:17

Health: -2/37      AC:  2    Str: 12    XL:     5   Next: 96%
Gold:   239        EV: 12    Int: 22    God:
                   SH:  0    Dex: 11

rFire   + . .      SeeInvis .   v - +0 short sword
rCold   . . .      Faith    .   (no shield)
rNeg    . . .      Spirit   .   a - +0 robe
rPois   ∞          Reflect  .   (no helmet)
rElec   .          Harm     .   (no cloak)
rCorr   .          Rampage  .   (no gloves)
Will    .....                   (boots unavailable)
Stlth   ++........              (no amulet)
HPRegen 0.12/turn               i - ring of ice
MPRegen 0.00/turn               q - +6 ring of strength

@: flying
A: sickness immunity, fire resistance 2, cold vulnerability 1, float, innate
caster, HP casting, extra vitality 1
a: no special abilities


You were on level 3 of the Dungeon.
You visited 1 branch of the dungeon, and saw 3 of its levels.

You collected 239 gold pieces.

Inventory:

Hand Weapons
 d - a +0 dagger
 v - a +0 short sword (weapon)
Missiles
 b - 2 throwing nets
 j - 6 poisoned darts
 l - 12 stones
Armour
 a - a +0 robe (worn)
Jewellery
 i - a ring of ice (left hand)
 q - a +6 ring of strength (right hand)
Scrolls
 c - a scroll of teleportation
 f - a scroll of blinking {unknown}
 h - a scroll of poison
 k - a scroll of amnesia {unknown}
 n - a scroll of immolation {unknown}
 p - a scroll of magic mapping {unknown}
 u - a scroll of butterflies {unknown}
 w - a scroll of identify
Potions
 e - a potion of curing
 g - a potion of lignification
 m - a potion of haste
 o - a potion of heal wounds {unknown}
 r - 2 potions of resistance
 s - a potion of ambrosia {unknown}
 t - a potion of flight {unknown}


   Skills:
 - Level 1.0 Fighting
 - Level 2.1 Dodging
 - Level 2.0 Stealth
 + Level 5.0 Spellcasting


You couldn't memorise any spells.
You knew the following spells:

 Your Spells              Type           Power      Damage    Failure   Level
a - Magic Dart            Conj           100%       1d8       1%          1
b - Searing Ray           Conj           56%        2d6       1%          2
c - Dazzling Flash        Conj/Hex       56%        N/A       3%          3
d - Fulminant Prism       Conj/Hex       14%        3d9       12%         4
e - Iskenderun's Mystic   Conj/Tloc      28%        2d7       12%         4
f - Summon Small Mammal   Summ           100%       N/A       1%          1
g - Wereblood             Tmut           28%        N/A       1%          2
Your spell library was empty.

Dungeon Overview and Level Annotations

Branches:
Dungeon (3/15)

Altars:
Elyvilon

Annotations:
D:3 Ijyb


Innate Abilities, Weirdness & Mutations

You are immune to sickness and miasma.
You are immune to poison.
Your flesh is very heat resistant. (rF++)
You are vulnerable to cold. (rC-)
You float through the air rather than walking.
You learn spells naturally, not from books.
Your magical power is your life essence.
You have superior vitality. (+4 MHP)


Message History

Aiming: Searing Ray (safe; 1% risk of failure)
Press: ? - help, Shift-Dir - straight line, f/p - Ijyb
Aim: Ijyb, wielding a +0 club, wearing a +2 leather armour of poison resistance and carrying a wand of flame (16) (lightly wounded, 74% to hit)
The searing ray hits Ijyb.
Ijyb is moderately wounded. (Press . to maintain the ray.) Ijyb zaps a wand.
The puff of flame hits you. You resist.
* * * LOW HITPOINT WARNING * * *
The searing ray hits Ijyb.
Ijyb is heavily wounded.
* * * LOW HITPOINT WARNING * * *
Ijyb closely misses you.
The searing ray hits Ijyb.
Ijyb is severely wounded.
* * * LOW HITPOINT WARNING * * *
Ijyb hits you with a +0 club.
* * * LOW HITPOINT WARNING * * *
The searing ray hits Ijyb but does no damage.
Ijyb is severely wounded.
* * * LOW HITPOINT WARNING * * *
You finish channelling your searing ray.
Ijyb zaps a wand.
The puff of flame hits you. You resist.
* * * LOW HITPOINT WARNING * * *
Press: ? - help, v - describe, . - travel
Here: Ijyb, wielding a +0 club, wearing a +2 leather armour of poison resistance and carrying a wand of flame (14) (severely wounded)
The floor.
Casting: Searing Ray (safe; 1% risk of failure)
Confirm with . or Enter, or press ? or * to list all spells.
Aiming: Searing Ray (safe; 1% risk of failure)
Press: ? - help, Shift-Dir - straight line, f/p - Ijyb
Aim: Ijyb, wielding a +0 club, wearing a +2 leather armour of poison resistance and carrying a wand of flame (14) (severely wounded, 74% to hit)
The searing ray hits Ijyb.
Ijyb is almost dead. (Press . to maintain the ray.)
* * * LOW HITPOINT WARNING * * *
Ijyb barely misses you.
The searing ray misses Ijyb.
* * * LOW HITPOINT WARNING * * *
Ijyb hits you with a +0 club.
You die...

#### # ###### ########..
.. .....#
##.....##.##.#.##
####.###.....†##@g......
####.##...........###+##
..............##..#$....
.##..#........##[.#....$
.....#.#..#.####..#.._..
.##.##.#..#.# #..#.$.$.
###.##......# ##.#.....
#.####..### .###### #.#
...# ......


You could see Ijyb.

Vanquished Creatures
  Jessica (D:3)
  9 adders
  2 worms (D:2)
  3 dart slugs (D:2)
  An orc (D:3)
  9 endoplasms
  5 giant cockroaches
  3 goblins
  6 hobgoblins
  A jackal (D:2)
  4 quokkas
  4 ball pythons
  6 bats
  4 frilled lizards
  4 kobolds
  3 rats
65 creatures vanquished.

Notes
Turn   | Place    | Note
-------+----------+-------------------------------------------
     0 | D:1      | LSt the Djinni Conjurer began the quest for the Orb.
     0 | D:1      | LSt set off with the following spells memorised: Magic
                  | Dart, Searing Ray, Dazzling Flash, Fulminant Prism,
                  | Iskenderun's Mystic Blast.
     0 | D:1      | Reached XP level 1. HP: 15/15 MP: 0/0
   328 | D:1      | Reached XP level 2. HP: 19/22 MP: 0/0
   517 | D:1      | Reached skill level 1 in Fighting
  1005 | D:1      | Reached XP level 3. HP: 25/27 MP: 0/0
  1005 | D:1      | Learned a level 1 spell: Summon Small Mammal
  1651 | D:2      | Reached skill level 4 in Spellcasting
  1653 | D:2      | Reached XP level 4. HP: 22/32 MP: 0/0
  2089 | D:2      | You are sucked into a shaft and drop 1 floor!
  2571 | D:2      | Reached XP level 5. HP: 33/37 MP: 0/0
  2571 | D:2      | Learned a level 2 spell: Wereblood
  2629 | D:2      | Found a faded altar of an unknown god.
  3033 | D:3      | Noticed Jessica
  3040 | D:3      | Killed Jessica
  3369 | D:3      | Reached skill level 5 in Spellcasting
  3518 | D:3      | Found a white marble altar of Elyvilon.
  3617 | D:3      | Noticed Ijyb
  3633 | D:3      | Slain by Ijyb

Illustrated notes

Levels and vault maps discovered:
D:1:      dpeg_arrival_central, layout_loops_ring, serial_glass,
          glass_columns_a, glass_columns_b, dreamdust_wishing_well
D:2:      layout_basic, dreamdust_ecumenical_altar_statues, minmay_hexomino_c4
D:3:      layout_loops_corners, mainiacjoe_overflow_brackets,
          amcnicky_altar_gilded, lemuel_coloured_pillars_altar,
          beargit_hepliaklqana_dungeon_heroes, chequers_serial_rivers_marsh,
          minivault_4, uniq_jessica, uniq_ijyb

Skill      XL: |  1  2  3  4  5 |
---------------+----------------+-----
Fighting       | 1 |  1.0
Spellcasting   | 4 5 |  5.0
Stealth        | 2 |  2.0
Dodging        | |  2.1

Action                   |  1- 3 |  4- 6 || total
-------------------------+-------+-------++-------
 Cast: Magic Dart        |    50 |    60 ||   110
       Searing Ray       |     5 |    14 ||    19
  Use: Scroll            |     1 |     5 ||     6
Armor: Robe              |     1 |     3 ||     4
Dodge: Dodged            |     7 |    15 ||    22
